Map: [ESL] Gresvan

Players

herO

  • Race: Protoss Protoss
  • Spawn Location: 5:00

Oliveira - Winner!

  • Race: Terran Terran
  • Spawn Location: 11:00

Event: IEM Katowice 2023

VOD

Have the link to the VOD?

Description

Time

  • Played on: Feb. 12, 2023, 12:09 p.m.
  • Length: 10:11

All games in this series

Show
View Real Time Build Order
Export as new Build Order

herO Protoss 

Build Orders: 1 Gate Expand, Phoenix Opening, Colossus Rush 

Get SALT Encoding   

  12  0:00  Probe  
  13  0:12  Probe  
  14  0:19  Pylon  
  14  0:24  Probe  
  15  0:38  Gateway, Probe (Chrono Boost)  
  16  0:46  Probe (Chrono Boost)  
  16  0:48  Assimilator  
  17  0:52  Probe  
  18  1:04  Probe  
  19  1:16  Probe  
  20  1:25  Cybernetics Core  
  20  1:36  Nexus  
  20  1:41  Pylon  
  20  1:45  Probe  
  21  1:52  Assimilator  
  21  1:57  Probe  
  21  1:58  Adept (Chrono Boost)  
  22  2:08  Shield Battery  
  24  2:09  Probe  
  24  2:19  Adept (Chrono Boost)  
  24  2:21  Probe  
  27  2:30  Stargate  
  27  2:34  Probe  
  27  2:36  Warp Gate  
  28  2:42  Adept  
  30  2:46  Probe  
  30  2:50  Probe  
  32  3:02  Probe (Chrono Boost)  
  34  3:07  Probe (Chrono Boost)  
  35  3:14  Probe (Chrono Boost), Phoenix  
  35  3:19  Probe x2 (Chrono Boost)  
  39  3:27  Probe  
  39  3:29  Probe  
  39  3:32  Pylon  
  41  3:39  Phoenix (Chrono Boost)  
  43  3:42  Probe x2  
  43  3:45  Assimilator  
  43  3:46  Assimilator  
  45  3:51  Robotics Facility  
  45  3:54  Probe x2  
  47  4:01  Phoenix (Chrono Boost)  
  49  4:06  Gateway  
  49  4:07  Probe (Chrono Boost)  
  51  4:12  Probe (Chrono Boost)  
  52  4:17  Probe (Chrono Boost)  
  52  4:18  Pylon  
  52  4:20  Probe (Chrono Boost)  
  52  4:22  Probe (Chrono Boost)  
  54  4:26  Pylon  
  54  4:36  Probe x2, Phoenix  
  58  4:39  Observer (Chrono Boost)  
  59  4:45  Robotics Bay  
  59  4:48  Forge, Probe x2  
  59  4:52  Sentry  
  63  4:57  Immortal (Chrono Boost)  
  67  5:08  Pylon  
  67  5:09  Pylon, Sentry  
  69  5:19  Gateway  
  69  5:20  Protoss Ground Weapons Level 1  
  69  5:32  Nexus  
  69  5:35  Colossus (Chrono Boost)  
  75  5:43  Extended Thermal Lance  
  75  5:47  Probe x2  
  76  5:57  Shield Battery  
  76  5:59  Shield Battery, Probe x2  
  76  6:02  Pylon  
  76  6:03  Sentry  
  80  6:04  Zealot  
  82  6:16  Colossus (Chrono Boost)  
  82  6:18  Probe x2  
  90  6:28  Stalker  
  90  6:29  Twilight Council  
  90  6:30  Probe  
  90  6:31  Probe  
  94  6:38  Pylon  
  94  6:43  Gateway  
  92  6:49  Stalker  
  92  6:50  Stalker  
  92  6:53  Probe x2  
  96  6:59  Stalker  
  78  7:12  Zealot  
  84  7:15  Warp Prism (Chrono Boost)  
  74  7:26  Stalker x2  
  72  7:32  Gateway  
  72  7:35  Gateway  
  72  7:42  Sentry  
  74  7:44  Colossus (Chrono Boost)  
  80  8:03  Stalker x3  
  84  8:06  Sentry  
  86  8:14  Probe x2  
  86  8:22  Disruptor (Chrono Boost)  
  89  8:29  Zealot x4  
  89  8:31  Pylon, Zealot  
  79  8:54  Colossus (Chrono Boost)  
  63  9:05  Stalker x2  
  59  9:10  Nexus  
  59  9:13  Stalker  
  61  9:21  Stalker x2  
  65  9:28  Stalker x2  
  67  9:35  Zealot, Probe x2  
  69  9:50  Stalker  
  69  9:51  Zealot x3  
  60  9:57  Stalker  
Show
View Real Time Build Order
Export as new Build Order

Oliveira Terran - Winner!

Build Orders: Reaper Expand 

Get SALT Encoding   

  12  0:00  SCV  
  13  0:12  SCV  
  14  0:17  Supply Depot  
  14  0:24  SCV  
  15  0:38  SCV  
  15  0:41  Barracks  
  16  0:45  Refinery  
  16  0:50  SCV  
  17  1:04  SCV  
  18  1:16  SCV  
  19  1:28  Orbital Command, Reaper  
  20  1:45  Command Center  
  20  1:54  Supply Depot  
  20  1:56  SCV  
  20  2:00  Marine  
  22  2:08  SCV  
  23  2:12  Factory  
  23  2:20  Bunker  
  23  2:21  SCV  
  24  2:24  Barracks Reactor  
  24  2:30  Refinery  
  24  2:34  SCV  
  25  2:40  Barracks  
  25  2:50  SCV  
  26  2:59  Orbital Command  
  26  3:02  Marine x2, Factory Tech Lab  
  26  3:05  SCV  
  29  3:17  SCV  
  30  3:20  Marine x2  
  30  3:22  Cyclone  
  30  3:25  SCV  
  36  3:28  Barracks Tech Lab  
  36  3:33  SCV  
  37  3:37  SCV  
  37  3:41  Marine x2  
  40  3:45  SCV  
  40  3:46  Supply Depot  
  40  3:49  Stimpack  
  40  3:51  SCV  
  40  3:52  Marine  
  42  4:00  SCV  
  46  4:05  Marine  
  46  4:07  Marine  
  46  4:08  SCV  
  45  4:10  Marine, Engineering Bay  
  45  4:12  SCV  
  45  4:16  Barracks  
  47  4:20  SCV  
  47  4:23  Marine  
  49  4:24  SCV  
  49  4:25  Marine, Supply Depot  
  51  4:32  SCV  
  51  4:34  Marine  
  51  4:36  Terran Infantry Weapons Level 1, SCV  
  54  4:40  Factory Reactor  
  54  4:41  Starport  
  54  4:47  Marine, SCV, Supply Depot  
  54  4:48  SCV  
  54  4:49  Marine, Refinery  
  58  4:53  Supply Depot  
  58  4:55  Marine  
  58  4:59  SCV  
  60  5:01  SCV  
  60  5:03  Combat Shield  
  60  5:04  Marine  
  62  5:09  Marine  
  62  5:11  SCV  
  62  5:12  Supply Depot  
  62  5:13  Marine  
  65  5:14  Marine  
  65  5:15  SCV  
  67  5:22  Factory Reactor, Supply Depot  
  67  5:23  Marine, Medivac x2  
  67  5:26  SCV  
  67  5:27  SCV  
  74  5:29  Refinery  
  74  5:30  Marine  
  74  5:34  Marauder  
  74  5:35  Marine  
  78  5:38  SCV  
  78  5:39  Missile Turret  
  78  5:42  Missile Turret  
  79  5:45  Marauder  
  79  5:46  SCV  
  82  5:52  SCV, Supply Depot  
  79  5:58  SCV  
  79  6:00  Medivac x2  
  79  6:01  Marine x2  
  86  6:05  Marauder  
  90  6:11  Widow Mine x2  
  90  6:14  Supply Depot  
  90  6:18  Supply Depot  
  92  6:22  SCV  
  92  6:23  SCV  
  91  6:26  Marine x2  
  91  6:27  Marauder  
  91  6:30  Marine  
  96  6:34  SCV  
  96  6:35  Widow Mine x2  
  96  6:37  SCV  
  102  6:40  Terran Infantry Armor Level 1  
  102  6:44  Concussive Shells  
  102  6:45  Marine  
  103  6:48  Marauder  
  103  6:53  Marine  
  106  6:55  Marine  
  104  7:03  Marine  
  104  7:04  SCV  
  95  7:10  Marauder  
  95  7:13  Command Center, Marauder  
  93  7:19  Marine  
  93  7:21  Marine, Medivac  
  85  7:26  Widow Mine  
  85  7:27  Widow Mine  
  85  7:29  Medivac  
  87  7:31  Marauder  
  87  7:34  Marine  
  87  7:37  Marine, SCV  
  89  7:39  Marine  
  91  7:44  Barracks  
  91  7:46  Barracks  
  90  7:52  Marine  
  90  7:54  Marine, Viking  
  90  7:57  SCV  
  93  8:02  Marine, Viking  
  93  8:05  SCV  
  97  8:06  Siege Tank  
  97  8:09  Marine x2  
  97  8:10  Marauder  
  100  8:21  SCV x2  
  100  8:23  Supply Depot  
  102  8:28  Viking  
  102  8:29  Marine x3  
  102  8:32  Barracks Tech Lab  
  102  8:33  Barracks Tech Lab  
  107  8:40  Marine  
  107  8:41  Marauder  
  110  8:47  Marine x2  
  102  8:49  Marine  
  102  8:53  Marine  
  102  8:54  Marauder  
  95  8:58  Siege Tank, Marine  
  95  9:02  Marauder  
  99  9:04  Marine  
  99  9:05  SCV  
  101  9:11  Marauder  
  101  9:16  Marine x2, Marauder  
  107  9:20  Liberator  
  110  9:27  Marine x2, Marauder  
  100  9:32  Marine  
  100  9:33  Marine  
  100  9:35  Siege Tank, Marine  
  100  9:38  Marine  
  104  9:40  SCV  
  100  9:49  Marauder  
  100  9:50  Marine x2  
  98  9:58  SCV  
  98  9:59  SCV  

Tags
 
Add a new tag
Caveats
  • Supply blocks, unpowered buildings, or Contaminate may cause inaccurate times.
  • Supply counts are checked every 10 seconds.